 Dungeon Crawl Stone Soup version 0.28-a0-631-g0446da8ef9 (webtiles) character file.

Game seed: 11195080091697271651

81314 dolemite99 the Markshill orc (level 15, -1/123 HPs)
             Began as a Hill Orc Fighter on Oct 9, 2021.
             Was a High Priest of Hepliaklqana.
             Slain by a troll (10 damage)
             ... on level 1 of the Orcish Mines.
             The game lasted 00:32:40 (27074 turns).

dolemite99 the Markshill orc (Hill Orc Fighter)    Turns: 27074, Time: 00:32:41

Health: -1/123     AC: 20    Str: 25    XL:     15   Next: 69%
Magic:  21/24      EV:  7    Int:  6    God:    Hepliaklqana [*****.]
Gold:   1552       SH:  0    Dex: 10    Spells: 14/14 levels left

rFire   + + .      SeeInvis +   a - +10 broad axe of Exquisite Torment {freeze, rF+ Will+ Int-3 SInv}
rCold   + . .      Faith    .   (no shield)
rNeg    . . .      Spirit   .   P - +0 plate armour
rPois   .          Reflect  .   (no helmet)
rElec   .          Harm     .   E - scarf {rC+ rF+}
rCorr   .          Rampage  .   n - +2 pair of gloves
Will    +++..                   r - +0 pair of boots
Stlth   ..........              N - amulet of regeneration
HPRegen 1.30/turn               p - ring of flight
MPRegen 0.19/turn               c - ring of willpower

@: flying, studying Ice Magic
A: reduced essence
a: Renounce Religion, Recall Ancestor, Ancestor Identity, Transference, Idealise


You were on level 1 of the Orcish Mines.
You worshipped Hepliaklqana.
Hepliaklqana was extremely pleased with you.
You visited 4 branches of the dungeon, and saw 21 of its levels.

You collected 2069 gold pieces.
You spent 517 gold pieces at shops.

Inventory:

Hand Weapons
 a - the +10 broad axe of Exquisite Torment (weapon) {freeze, rF+ Will+ Int-3 SInv}
   (You took it off a frost giant on level 10 of the Dungeon)

   It freezes those it strikes, dealing additional cold damage.
   It can also slow down cold-blooded creatures.
   Int:       It affects your intelligence (-3).
   rF:        It protects you from fire.
   SInv:      It lets you see invisible.
   Will:      It increases your willpower.
 b - the +4 longbow "Uney" {freeze, Fly Str+4 Int+4 Dex+3}
   (You acquired it on level 2 of the Lair of Beasts)

   Any ammunition fired from it freezes those it strikes, dealing additional
   cold damage.
   It can also slow down cold-blooded creatures.
   Str:       It affects your strength (+4).
   Int:       It affects your intelligence (+4).
   Dex:       It affects your dexterity (+3).
   Fly:       It grants you flight.
 s - a +1 battleaxe of freezing
 y - a +4 battleaxe
Missiles
 d - 152 bolts
 j - 633 stones
 q - 11 atropa-tipped darts
 u - 175 arrows
 w - 85 poisoned darts (quivered)
Armour
 n - a +2 pair of gloves (worn)
 r - a +0 pair of boots (worn)
 E - a scarf of resistance (worn)
 P - a +0 plate armour (worn)
Magical Staves
 x - a staff of air
Jewellery
 c - a ring of willpower (right hand)
 p - a ring of flight (left hand)
 M - the ring of the Queen {Ice Fly MP+9 Str+3}
   (You found it on level 7 of the Dungeon)

   [ring of ice]

   It enhances your ice magic.
   Str:       It affects your strength (+3).
   rF:        It makes you vulnerable to fire.
   rC:        It protects you from cold.
   MP:        It affects your magic capacity (+9).
   Fly:       It grants you flight.
 N - an amulet of regeneration (around neck)
 W - a ring of resist corrosion
Wands
 o - a wand of charming (2)
 v - a wand of acid (8)
 z - a wand of flame (41)
 C - a wand of paralysis (12)
 G - a wand of iceblast (1)
 O - a wand of mindburst (24)
 Y - a wand of polymorph (4)
Scrolls
 e - a scroll of summoning
 i - 3 scrolls of noise
 I - 4 scrolls of magic mapping
 L - 4 scrolls of teleportation
 S - 3 scrolls of silence
 T - 3 scrolls of identify {@r1}
 V - a scroll of holy word
 Z - 2 scrolls of fog
Potions
 f - 4 potions of curing
 g - 2 potions of cancellation
 h - 3 potions of brilliance
 k - 4 potions of attraction
 l - a potion of magic
 m - 2 potions of resistance
 A - a potion of heal wounds
 B - a potion of lignification
 D - 4 potions of might
 F - 2 potions of invisibility
 K - 3 potions of haste
 Q - a potion of berserk rage
 U - 6 potions of ambrosia
 X - 2 potions of flight
Miscellaneous
 t - a phial of floods
 H - a lightning rod (4/4)


   Skills:
 - Level 13.9 Fighting
 - Level 16.0 Axes
 - Level 16.9 Bows
 - Level 3.9 Throwing
 - Level 12.4 Armour
 - Level 3.2 Shields
 + Level 12.9 Invocations
 - Level 2.5 Evocations


You had 14 spell levels left.
You didn't know any spells.
Your spell library contained the following spells:

 Spells                   Type           Power      Damage    Failure   Level
 Apportation              Tloc           0%         N/A       99%         1
 Freeze                   Ice            0%         1d3       99%         1
 Pain                     Necr           0%         1d4       99%         1
 Sandblast                Erth           0%         2d4       99%         1
 Ensorcelled Hibernation  Hex/Ice        0%         N/A       100%        2
 Passwall                 Tmut/Erth      0%         N/A       100%        2
 Frozen Ramparts          Ice            0%         1d2       100%        3
 Gell's Gravitas          Tloc           0%         N/A       100%        3
 Lesser Beckoning         Tloc           0%         N/A       100%        3
 Stone Arrow              Conj/Erth      0%         3d7       100%        3
 Teleport Other           Tloc           0%         N/A       100%        3
 Animate Dead             Necr           0%         N/A       100%        4
 Hailstorm                Conj/Ice       0%         3d3       100%        4
 Iskenderun's Mystic Bla  Conj/Tloc      0%         2d3       100%        4
 Agony                    Necr           0%         N/A       100%        5
 Borgnjor's Vile Clutch   Necr/Erth      0%         N/A       100%        5
 Excruciating Wounds      Necr           0%         N/A       100%        5
 Freezing Cloud           Conj/Ice/Air   0%         6-21      100%        5
 Death Channel            Necr           0%         N/A       100%        6
 Dispersal                Tloc           0%         N/A       100%        6
 Simulacrum               Ice/Necr       0%         N/A       100%        6
 Ozocubu's Refrigeration  Ice            0%         4d5       100%        7
 Polar Vortex             Ice            0%         N/A       100%        9


Dungeon Overview and Level Annotations

Branches:
Dungeon (12/15)            Temple (1/1) D:4            Lair (6/6) D:11
  Swamp (0/4) Lair:4        Snake (0/4) Lair:4        Slime (0/5) Lair:6
    Orc (2/2) D:9             Elf (0/3) Orc:2

Altars:
Ashenzari
Cheibriados
Dithmenos
Fedhas
Gozag
Hepliaklqana
Kikubaaqudgha
Makhleb
Nemelex Xobeh
Okawaru
Qazlal
Ru
Sif Muna
Trog
Uskayaw
Vehumet
Wu Jian
Xom
Yredelemnul
Zin
The Shining One
Beogh
Jiyva

Shops:
D:2 !   D:11 *   Orc:2 *

Annotations:
D:6 2 runed translucent doors
D:12 3 runed translucent doors, Cancer's ghost, journeyman GrCj
Lair:2 2 transporters
Lair:3 exclusion: oklob plant
Lair:5 exclusion: oklob plant
Lair:6 4 runed translucent doors, helsbecter's ghost, journeyman MiBe


Message History

The troll bites you but does no damage. The troll claws you!
The troll closely misses you. The orc barely misses you.
The two-headed ogre hits you but does no damage.
The two-headed ogre hits you with a +0 giant club!!
An orc comes into view. It is wielding a +0 mace.
The orc warrior barely misses you. The troll bites you but does no damage.
The troll barely misses you. The troll claws you!
The orc hits you with a +0 morningstar.
The two-headed ogre hits you with a +0 giant club!
The two-headed ogre hits you with a +0 giant club.
There is a stone staircase leading up, spattered with blood here.
Things that are here:
a +0 scale mail; a +0 club Unknown command.
You are too injured to fight recklessly!
The two-headed ogre closely misses you.
The two-headed ogre hits you but does no damage.
The orc warrior hits you with a +0 short sword.
The troll bites you!
The troll claws you but does no damage. x2
The orc closely misses you.
Wilfreda hits the two-headed ogre with a +0 quarterstaff!!!
You fly upwards.
There is a stone staircase leading down here.
You are too injured to fight recklessly!
The two-headed ogre shouts in stereo!
You hit the two-headed ogre. You freeze the two-headed ogre.
The two-headed ogre is lightly wounded.
You slash the troll! You freeze the troll. You barely miss the orc.
You slash the orc warrior! You hit the two-headed ogre.
You freeze the two-headed ogre.
The two-headed ogre hits you with a +0 giant club!
The two-headed ogre hits you but does no damage.
The orc warrior barely misses you.
The two-headed ogre hits you with a +0 dire flail!!
* * * LOW HITPOINT WARNING * * *
The two-headed ogre hits you but does no damage.
The troll bites you!
* * * LOW HITPOINT WARNING * * *
The troll barely misses you. The troll claws you!
You die...

###......####.###
##.........#.....##
#.................#
##..#.............##
#................##
##..............##
#......).......##
#.....T.O......#
##....o@R.#....#
#......oO#.#..##
##............##
###...........# ##
##.##...##).)..##### ##.
#.......).......##.###..
##......)...#...........
##......[....#..#.......
#...........#...#...._..


You could see the friendly Wilfreda the battlemage (idealised), 2 two-headed
ogres, a troll, an orc warrior and an orc.

Vanquished Creatures
  A frost giant (D:10)
  An ice dragon (Lair:6)
  3 boulder beetles
  6 hydras
  A catoblepas (Lair:6)
  An ogre mage (Orc:1)
  8 two-headed ogres
  2 skeletal warriors (D:12)
  A bog body (Lair:4)
  3 lindwurms
  An oklob plant (Lair:5)
  A cyclops (D:12)
  2 manticores
  6 elephants
  Joseph (D:8)
  5 torpor snails (Lair:6)
  A black mamba (Lair:2)
  A gargoyle (D:12)
  8 cane toads
  3 rime drakes
  4 komodo dragons
  2 polar bears (Lair:6)
  7 meliai
  3 tyrant leeches (Lair:6)
  7 trolls
  Grinder (D:6)
  3 hornets (Lair:6)
  24 blink frogs
  3 dream sheep (Lair:6)
  10 wyverns
  A wraith (D:12)
  2 basilisks
  30 yaks
  A vampire mosquito (D:11)
  4 steam dragons
  2 acid dragons
  4 wargs
  10 water moccasins
  A swamp drake (Lair:6)
  6 orc warriors
  A sky beast (D:6)
  3 black bears
  A necrophage (D:6)
  An ice beast (D:10)
  5 centaurs
  8 ogres
  18 wolves
  A phantom (D:5)
  4 kobold brigands
  4 bullfrogs
  5 scorpions
  A gnoll sergeant (D:10)
  A wyvern skeleton (D:6)
  43 killer bees
  A wight (D:9)
  2 electric eels (Lair:4)
  2 howler monkeys (D:6)
  2 centaur zombies
  A gnoll shaman (D:6)
  2 hounds
  10 orc priests
  An iguana (D:5)
  10 orc wizards
  A howler monkey zombie (D:8)
  12 gnolls
  8 adders
  2 white imps
  An ufetubus (D:4)
  An adder skeleton (D:4)
  2 worms
  2 dart slugs
  33 orcs
  5 ball pythons
  6 bats
  10 endoplasms
  3 goblins
  5 hobgoblins
  2 jackals (D:1)
  2 quokkas
  A frilled lizard (D:3)
  25 kobolds
  3 rats
432 creatures vanquished.

Vanquished Creatures (collateral kills)
  A dire elephant (Lair:6)
  The ghost of Puekk the Protected, a journeyman DsMo of Wu Jian (Lair:4)
  2 hydras
  2 boulder beetles
  A two-headed ogre (D:9)
  A skeletal warrior (D:12)
  An orc knight (Orc:2)
  2 bog bodies (Lair:4)
  4 lindwurms (Lair:6)
  An ugly thing (D:12)
  A wolf spider (Lair:6)
  2 manticores
  3 cyclopes (D:11)
  3 black mambas
  Maurice (D:9)
  5 elephants
  5 rime drakes
  3 cane toads
  4 komodo dragons
  2 queen bees
  A polar bear (Lair:3)
  2 meliai (Lair:3)
  A troll (Orc:2)
  7 hornets
  10 blink frogs
  A tyrant leech (Lair:6)
  A slime creature (D:9)
  4 dream sheep (Lair:6)
  A wraith (D:11)
  A wyvern (Lair:4)
  A vampire (D:11)
  17 yaks
  A basilisk (Lair:6)
  A steam dragon (D:10)
  A vampire mosquito (D:11)
  Grum (Lair:1)
  A swamp worm (Lair:4)
  3 wargs
  2 acid dragons
  7 water moccasins
  5 orc warriors
  3 ice beasts (D:10)
  2 ogres (Orc:2)
  3 wolves
  4 bullfrogs
  3 kobold brigands
  A wyvern zombie (D:9)
  10 killer bees
  An electric eel (Lair:4)
  A jelly (D:7)
  2 centaur zombies
  2 orc priests
  2 gnoll shamans
  5 orc wizards
  3 gnolls
  7 orcs
  5 kobolds
168 creatures vanquished.

Vanquished Creatures (others)
  A shadow (D:11)
  16 battlemagi
  7 ancestors (D:6)
  2 bushes (Lair:6)
  15 fungi
  46 plants
87 creatures vanquished.

Grand Total: 687 creatures vanquished

Notes
Turn   | Place    | Note
-------+----------+-------------------------------------------
     0 | D:1      | dolemite99 the Hill Orc Fighter began the quest for the
                  | Orb.
     0 | D:1      | Reached XP level 1. HP: 19/19 MP: 1/1
   241 | D:1      | Reached XP level 2. HP: 26/26 MP: 2/2
   947 | D:1      | Reached XP level 3. HP: 31/31 MP: 3/3
  1604 | D:2      | Reached skill level 5 in Axes
  1617 | D:2      | Found Ubbext's Distillery.
  1627 | D:2      | Bought a potion of curing for 33 gold pieces
  1627 | D:2      | Bought a potion of degeneration for 11 gold pieces
  1837 | D:2      | Reached XP level 4. HP: 24/39 MP: 4/4
  2863 | D:3      | You fall into a shaft and drop 1 floor!
  2962 | D:4      | Reached XP level 5. HP: 43/45 MP: 5/5
  3651 | D:4      | Found a staircase to the Ecumenical Temple.
  3759 | Temple   | Entered the Ecumenical Temple
  3870 | Temple   | Became a worshipper of Hepliaklqana the Forgotten
  4058 | D:3      | Reached XP level 6. HP: 34/51 MP: 6/6
  4967 | D:3      | Found a faded altar of an unknown god.
  5594 | D:5      | Entered Level 5 of the Dungeon
  5630 | D:2      | Bought a potion of lignification for 33 gold pieces
  5630 | D:2      | Bought a potion of lignification for 33 gold pieces
  5715 | D:5      | Reached skill level 1 in Throwing
  6074 | D:5      | Reached XP level 7. HP: 57/57 MP: 7/7
  6154 | D:5      | Reached * piety under Hepliaklqana
  6839 | D:6      | Noticed a yak
  6839 | D:6      | Noticed a yak
  6861 | D:6      | Killed a yak
  6861 | D:6      | Noticed a yak
  6884 | D:6      | Reached skill level 10 in Axes
  7190 | D:6      | Noticed Grinder
  7200 | D:6      | Paralysed by Grinder for 6 turns
  7210 | D:6      | Killed Grinder
  7211 | D:6      | Reached XP level 8. HP: 35/57 MP: 8/8
  7411 | D:6      | Reached skill level 5 in Fighting
  7662 | D:6      | Found a sparkling altar of Nemelex Xobeh.
  7859 | D:6      | Reached XP level 9. HP: 72/72 MP: 9/9
  8008 | D:6      | Noticed a manticore
  8023 | D:6      | Killed a manticore
  8024 | D:6      | Reached skill level 10 in Fighting
  8161 | D:6      | Found a large runed translucent door.
  8161 | D:6      | Found a large runed translucent door.
  8168 | D:6      | Reached skill level 5 in Armour
  9396 | D:7      | Reached ** piety under Hepliaklqana
  9401 | D:7      | Remembered your ancestor Wilfreda as a battlemage
  9485 | D:7      | You fall into a shaft and drop 1 floor!
  9493 | D:8      | Reached skill level 1 in Bows
  9753 | D:7      | Found a sacrificial altar of Ru.
  9785 | D:7      | Noticed a hornet
  9792 | D:7      | Killed a hornet
  9793 | D:7      | Reached XP level 10. HP: 83/83 MP: 10/10
 10364 | D:7      | Identified the ring of the Queen {Ice Fly MP+9 Str+3}
 10488 | D:8      | Noticed a two-headed ogre
 10492 | D:8      | Killed a two-headed ogre
 10493 | D:8      | Reached skill level 5 in Bows
 11071 | D:8      | Noticed Joseph
 11082 | D:8      | Killed Joseph
 11396 | D:8      | Reached *** piety under Hepliaklqana
 11482 | D:9      | Found a staircase to the Orcish Mines.
 11492 | D:9      | Noticed Maurice
 11499 | D:9      | Killed Maurice
 11584 | D:9      | Noticed a two-headed ogre
 11589 | D:9      | Killed a two-headed ogre
 11590 | D:9      | Reached XP level 11. HP: 89/89 MP: 11/11
 11782 | D:9      | Noticed a two-headed ogre
 11825 | D:9      | Killed a two-headed ogre
 11838 | D:9      | Reached skill level 10 in Bows
 11920 | D:9      | Noticed a two-headed ogre
 11925 | D:9      | Killed a two-headed ogre
 12467 | D:9      | Found a hide-covered altar of Uskayaw.
 12544 | D:9      | Found a snail-covered altar of Cheibriados.
 12980 | D:10     | Entered Level 10 of the Dungeon
 13063 | D:10     | Identified the +10 broad axe of Exquisite Torment {freeze,
                  | rF+ Will+ Int-3 SInv}
 13063 | D:10     | Noticed a frost giant
 13213 | D:10     | Found a burning altar of Makhleb.
 13294 | D:10     | Identified the +2 scale mail "Fethil" {-Cast Rampage rPois
                  | Int-5}
 13570 | D:11     | Reached **** piety under Hepliaklqana
 13576 | D:11     | Noticed a boulder beetle
 13607 | D:11     | Killed a boulder beetle
 13903 | D:11     | Noticed a five-headed hydra
 13909 | D:11     | Killed a five-headed hydra
 13931 | D:11     | Reached skill level 1 in Invocations
 13974 | D:11     | Reached XP level 12. HP: 89/95 MP: 14/14
 14222 | D:10     | Reached skill level 5 in Invocations
 14889 | D:10     | Killed a frost giant
 14986 | D:11     | Noticed a boulder beetle
 15463 | D:11     | Found Agiot's Assorted Antiques.
 15523 | D:11     | Found a staircase to the Lair.
 15913 | D:11     | Killed a boulder beetle
 16061 | Lair:1   | Entered Level 1 of the Lair of Beasts
 16206 | Lair:1   | Reached skill level 15 in Axes
 16267 | Lair:1   | Noticed Grum
 16276 | Lair:1   | Killed Grum
 17417 | D:2      | Bought a potion of haste for 110 gold pieces
 17417 | D:2      | Bought a potion of might for 44 gold pieces
 17417 | D:2      | Bought a potion of berserk rage for 55 gold pieces
 17417 | D:2      | Bought a potion of haste for 110 gold pieces
 17417 | D:2      | Bought a potion of cancellation for 88 gold pieces
 17621 | Lair:2   | Reached XP level 13. HP: 68/101 MP: 19/19
 17749 | Lair:2   | Found a transporter.
 17917 | Lair:2   | Identified a scroll of acquirement
 17917 | Lair:2   | Acquired the +4 longbow "Uney" {freeze, Fly Str+4 Int+4
                  | Dex+3}
 17977 | Lair:2   | Reached skill level 10 in Armour
 18067 | Lair:2   | Found a transporter.
 19004 | Lair:3   | Reached ***** piety under Hepliaklqana
 19036 | Lair:3   | Found a blossoming altar of Fedhas.
 19551 | Lair:3   | Got the Collected Works on the Traveller and Ice
 20202 | Lair:4   | Found a runed translucent door.
 20203 | Lair:4   | Noticed Puekk's ghost (journeyman DsMo)
 20205 | Lair:4   | Acquired a manual of Bows
 20229 | Lair:4   | Found a staircase to the Snake Pit.
 20378 | Lair:4   | Reached XP level 14. HP: 112/112 MP: 20/20
 21125 | Lair:4   | Found a staircase to the Swamp.
 21355 | Lair:4   | Killed Puekk's ghost
 21526 | Lair:5   | Reached skill level 15 in Bows
 22398 | Lair:6   | Entered Level 6 of the Lair of Beasts
 22417 | Lair:6   | Found a runed translucent gate.
 22417 | Lair:6   | Found a runed translucent gate.
 22417 | Lair:6   | Found a runed translucent gate.
 22418 | Lair:6   | Noticed helsbecter's ghost (journeyman MiBe)
 22619 | Lair:6   | Found a runed translucent door.
 22621 | Lair:6   | Found a viscous altar of Jiyva.
 22622 | Lair:6   | Found a staircase to the Slime Pits.
 23480 | Lair:6   | Found a runed translucent door.
 23600 | Lair:6   | Reached XP level 15. HP: 122/122 MP: 21/21
 24702 | D:12     | Reached skill level 10 in Invocations
 25060 | D:12     | Found a runed translucent gate.
 25061 | D:12     | Noticed Cancer's ghost (journeyman GrCj)
 25065 | D:12     | Found a runed translucent gate.
 25066 | D:12     | Found a runed translucent gate.
 26160 | Orc:1    | Entered Level 1 of the Orcish Mines
 26225 | Orc:1    | Found a roughly hewn altar of Beogh.
 26430 | Orc:2    | Entered Level 2 of the Orcish Mines
 26430 | Orc:2    | Found Ymuviv's General Store.
 26788 | Orc:2    | Found a staircase to the Elven Halls.
 27074 | Orc:1    | Slain by a troll

Illustrated notes

Levels and vault maps discovered:
D:1:      eino_arrival_cavern_a, layout_loops_corners
D:2:      layout_loops_ring, serial_shops, shop_fountains, kennysheep_crisscross
D:3:      minmay_door_path, layout_basic, hellmonk_ecumenical_altar_run_dry,
          kennysheep_generic_room_5
D:4:      layout_cave_pods, minmay_temple_entry_drinking_statues, minivault_25
D:5:      layout_rooms, serial_bayou_lagoon_a, serial_bayou_ford_a,
          chequers_serial_rivers_micro_a, kennysheep_generic_room_12
D:6:      layout_loops_ring, mainiacjoe_overflow_paths, jmf_multi_god_temple2,
          minmay_divided_ellipse, uniq_grinder
D:7:      layout_cave_pools, mainiacjoe_overflow_alcove_4
D:8:      layout_cave_pools, uniq_joseph
D:9:      hangedman_cross_stitches, layout_layer_cave, slow_altar_2,
          nicolae_uskayaw_dance_studio, orc_0_dummy, kennysheep_minor_cross,
          grunt_decor_fettered, kennysheep_opposing_triangles, uniq_maurice
D:10:     minmay_coctagon, layout_loops_corners, lemuel_doored_altar,
          kennysheep_generic_room_7
D:11:     kennysheep_ambush_hall, layout_long_grid, erik_lair_orcish_takeover,
          serial_shops, nicolae_take_the_stairs
D:12:     layout_layer_cave, gammafunk_ghost_nasty_kobolds,
          mrwooster_statue_mirror
Temple:   regret_index_temple_waves
Lair:1:   gammafunk_indiana_jones, layout_concentric_octagons, uniq_grum
Lair:2:   gammafunk_worm_tunnel, layout_gridlike
Lair:3:   regret_index_combs_of_tragedy, layout_chaotic_city, tgw_fedhas
Lair:4:   layout_roguey [special_room_bee], nicolae_swamp_entry_splash_gauntlet,
          dummy_snake_entry, ebering_ghost_reflecting_pool,
          serial_bayou_shore_b, infiniplex_staircase_pool_2,
          serial_bayou_shore_a
Lair:5:   layout_regular_city, enter_volcano_2, minmay_lair_oklob_bushes,
          grunt_megastairs_2
Lair:6:   hangedman_lair_in_review, layout_layer_cave, wormcave, slime_altar_2,
          gammafunk_ghost_necromancy, st_stairs_11, guppyfry_lair_drakes
Orc:1:    layout_caves, basic_altar, serial_shops, shop
Orc:2:    st_orc_open, layout_caves, serial_shops, shop

Skill      XL: |  1  2  3  4  5  6  7  8  9 10 11 12 13 14 15 |
---------------+----------------------------------------------+-----
Axes           | 3 4 5 6 8 9 10 13 15 16 | 16.0
Throwing       | 1 3 |  3.9
Fighting       | 8 10 11 13 | 13.9
Armour         | 6 9 11 12 | 12.4
Bows           | 2 9 10 12 16 | 16.9
Evocations     | 2 |  2.5
Invocations    | 3 8 12 | 12.9
Shields        | |  3.2

Action                   |  1- 3 |  4- 6 |  7- 9 | 10-12 | 13-15 || total
-------------------------+-------+-------+-------+-------+-------++-------
Melee: War axe           |    79 |   134 |   112 |    13 |       ||   338
       Broad axe         |       |       |       |    52 |   105 ||   157
 Fire: Shortbow          |       |       |     3 |   390 |    25 ||   418
       Longbow           |       |       |       |       |   598 ||   598
Throw: Stone             |    35 |    18 |    19 |       |       ||    72
       Dart              |       |     5 |    98 |    23 |    28 ||   154
Invok: Recall Ancestor   |       |       |     1 |     3 |     1 ||     5
       Ancestor Life: Ba |       |       |     1 |       |       ||     1
       Idealise          |       |       |       |     3 |    12 ||    15
Evoke: Wand              |       |       |       |    10 |     1 ||    11
  Use: Potion            |     1 |     2 |     4 |     3 |     1 ||    11
       Scroll            |       |     8 |     8 |    10 |    12 ||    38
Armor: Scale mail        |    32 |    63 |    57 |     8 |       ||   160
       Plate armour      |       |       |       |    49 |   200 ||   249
Dodge: Dodged            |    30 |    51 |    39 |    58 |   119 ||   297
Block: Buckler           |    20 |    18 |    25 |       |       ||    63

Table legend: (Time is in decaauts)
 A = Elapsed time spent in this place.
 B = Non-inter-level travel time spent in this place.
 C = Inter-level travel time spent in this place.
 D = Time resting spent in this place.
 E = Time spent auto-exploring this place.
 F = Levels seen in this place.
 G = Mean time per level.
                   A        B        C        D        E       F      G
               +--------+--------+--------+--------+--------+-----+--------+
         Total |  27034 |  25161 |   1873 |   7719 |  12962 |  21 | 1287.3 |
       Dungeon |  18317 |  16842 |   1475 |   5728 |   8377 |  12 | 1526.4 |
        Temple |    151 |    112 |     39 |      0 |     58 |   1 |  151.0 |
          Lair |   7665 |   7325 |    340 |   1453 |   4345 |   6 | 1277.5 |
  Orcish Mines |    899 |    881 |     18 |    538 |    181 |   2 |  449.5 |
               +--------+--------+--------+--------+--------+-----+--------+

Top non-repeatable levels by time:
     D:6: 2743 daAuts
  Lair:6: 1987 daAuts
    D:11: 1807 daAuts
  Lair:3: 1658 daAuts
     D:1: 1598 daAuts
     D:9: 1591 daAuts
    D:12: 1536 daAuts
  Lair:4: 1523 daAuts
     D:4: 1487 daAuts
    D:10: 1479 daAuts
     D:3: 1430 daAuts
     D:2: 1309 daAuts
     D:8: 1240 daAuts
     D:7: 1097 daAuts
     D:5: 995 daAuts
